 Dungeon Crawl Stone Soup version 0.27.1-4-g1640c2035a (webtiles) character file.

Game seed: 3370354094237786423

1424 pkoi the Carver (level 8, -6/68 HPs)
             Began as a Minotaur Fighter on Nov 1, 2021.
             Was a Follower of Dithmenos.
             Mangled by Menkaure (10 damage)
             ... on level 7 of the Dungeon.
             The game lasted 00:08:09 (6856 turns).

pkoi the Carver (Minotaur Fighter)                  Turns: 6856, Time: 00:08:10

Health: -6/68      AC:  7    Str: 22    XL:     8   Next: 44%
Magic:  7/7        EV:  9    Int:  5    God:    Dithmenos [*.....]
Gold:   357        SH: 11    Dex: 17    Spells: 7/7 levels left

rFire    . . .     SeeInvis .   a - +1 long sword (freeze)
rCold    . . .     Faith    .   c - +0 kite shield
rNeg     . . .     Spirit   .   b - +0 scale mail
rPois    +         Reflect  .   (helmet restricted)
rElec    .         Harm     .   (no cloak)
rCorr    .         Rampage  .   (no gloves)
Will     .....                  (no boots)
Stlth    +.........             (no amulet)
HPRegen  0.21/turn              k - +6 ring of dexterity
MPRegen  0.10/turn              x - ring of poison resistance

@: wreathed by umbra, studying Staves
A: horns 2, retaliatory headbutt
a: Renounce Religion


You were on level 7 of the Dungeon.
You worshipped Dithmenos.
Dithmenos was aware of your devotion.
You visited 2 branches of the dungeon, and saw 8 of its levels.

You collected 357 gold pieces.

Inventory:

Hand Weapons
 a - a +1 long sword of freezing (weapon)
Missiles
 v - 34 poisoned darts (quivered)
Armour
 b - a +0 scale mail (worn)
 c - a +0 kite shield (worn)
Jewellery
 k - a +6 ring of dexterity (left hand)
 m - a ring of protection from cold
 q - a ring of see invisible
 s - a ring of protection from cold
 x - a ring of poison resistance (right hand)
Wands
 t - a wand of flame (15)
 u - a wand of digging (1)
 z - a wand of iceblast (9)
Scrolls
 e - 4 scrolls of identify
 f - 2 scrolls of enchant weapon
 h - 3 scrolls of magic mapping
 j - 4 scrolls of teleportation
 w - a scroll of blinking
 y - 3 scrolls of amnesia
Potions
 d - 2 potions of might
 g - a potion of cancellation {unknown}
 i - 2 potions of heal wounds {unknown}
 l - 2 potions of berserk rage {unknown}
 n - 2 potions of attraction {unknown}
 o - a potion of haste {unknown}
 p - a potion of curing {unknown}
 r - a potion of brilliance {unknown}


   Skills:
 + Level 5.3 Fighting
 + Level 9.2 Long Blades
 - Level 0.8 Staves
 + Level 2.0 Throwing
 + Level 5.4 Armour
 + Level 3.4 Dodging
 + Level 1.1 Stealth
 + Level 5.4 Shields


You had 7 spell levels left.
You didn't know any spells.
Your spell library contained the following spells:

 Spells                   Type           Power      Damage    Failure   Level
 Foxfire                  Conj/Fire      0%         2x1d4     99%         1
 Sandblast                Erth           0%         2d4       99%         1
 Passwall                 Tmut/Erth      0%         N/A       100%        2
 Slow                     Hex            0%         N/A       100%        2
 Confusing Touch          Hex            0%         N/A       100%        3
 Conjure Flame            Conj/Fire      0%         6-21      100%        3
 Inner Flame              Hex/Fire       0%         N/A       100%        3
 Vampiric Draining        Necr           0%         2d6       100%        3
 Lee's Rapid Deconstruct  Erth           0%         3d5*      100%        5


Dungeon Overview and Level Annotations

Branches:
Dungeon (7/15)             Temple (1/1) D:4

Altars:
Ashenzari
Cheibriados
Dithmenos
Elyvilon
Fedhas
Gozag
Hepliaklqana
Kikubaaqudgha
Makhleb
Okawaru
Qazlal
Ru
Trog
Uskayaw
Vehumet
Wu Jian
Xom
Yredelemnul
Zin
The Shining One

Shops:
D:1 =(

Annotations:
D:7 Menkaure


Innate Abilities, Weirdness & Mutations

You have a pair of horns on your head.
You reflexively headbutt those who attack you in melee.


Message History

Done exploring.
Done exploring.
Done exploring.
(D) Dungeon (T) Temple
Where to? (Enter - D:6, ? - help)
There is a stone staircase leading down here.
You climb downwards.
Menkaure shouts!
Found 5 gold pieces.
There is a stone staircase leading up here.
Menkaure is nearby!
Unknown command.
Unknown command.
Found 11 sling bullets.
You closely miss Menkaure. You block Menkaure's attack.
A cyclops comes into view.
You hit Menkaure. You headbutt Menkaure.
Menkaure is moderately damaged.
You block Menkaure's attack.
You hit Menkaure.
Menkaure is moderately damaged.
Menkaure calls on the powers of darkness!
Your body is wracked with pain!
The cyclops convulses!
You hit Menkaure.
Menkaure is heavily damaged.
The cyclops throws a large rock.
The large rock hits you!!
* * * LOW HITPOINT WARNING * * *
Menkaure calls on the powers of darkness!
Your body is wracked with pain!
* * * LOW HITPOINT WARNING * * *
The cyclops convulses!
You closely miss Menkaure.
Menkaure is heavily damaged.
Menkaure hits you.
* * * LOW HITPOINT WARNING * * *
Unknown command.
You barely miss Menkaure. You headbutt Menkaure.
Menkaure is heavily damaged.
Menkaure hits you!
You die...

##...##......
##...........
...$....... .
#........ #..
#....... ....
..#...... ##.....
........##......(
#C.@M....#
###.#..### ...###
..### ..# ...
.... ....


You could see a cyclops and Menkaure.

Vanquished Creatures
  Eustachio (D:5)
  2 water moccasins (D:6)
  An orc warrior (D:5)
  A bullfrog (D:6)
  3 scorpions
  2 water moccasin zombies (D:5)
  A centaur zombie (D:4)
  A bullfrog skeleton (D:5)
  An orc priest (D:6)
  A hound (D:6)
  A gnoll shaman (D:6)
  2 iguanas
  5 orc wizards
  A howler monkey skeleton (D:5)
  11 gnolls
  6 adders
  3 shadow imps (D:6)
  2 ufetubi
  An adder skeleton (D:4)
  2 worms
  A dart slug (D:3)
  15 orcs
  6 ball pythons
  2 bats
  11 endoplasms
  3 giant cockroaches
  11 goblins
  10 hobgoblins
  6 quokkas
  3 frilled lizards
  5 kobolds
  7 rats
128 creatures vanquished.

Vanquished Creatures (others)
  A plant (D:6)
1 creature vanquished.

Grand Total: 129 creatures vanquished

Notes
Turn   | Place    | Note
-------+----------+-------------------------------------------
     0 | D:1      | pkoi the Minotaur Fighter began the quest for the Orb.
     0 | D:1      | Reached XP level 1. HP: 19/19 MP: 0/0
    96 | D:1      | Reached skill level 3 in Long Blades
   361 | D:1      | Reached XP level 2. HP: 26/26 MP: 1/1
   434 | D:1      | Found Dolugu's Jewellery Shop.
   530 | D:1      | Reached skill level 4 in Long Blades
   649 | D:1      | Found Irphujoh's Antique Weapon Boutique.
   815 | D:1      | Reached XP level 3. HP: 31/31 MP: 2/2
  1399 | D:2      | Found a faded altar of an unknown god.
  1442 | D:2      | Reached skill level 5 in Long Blades
  1571 | D:2      | Reached XP level 4. HP: 32/39 MP: 3/3
  2336 | D:2      | Reached skill level 6 in Long Blades
  2923 | D:3      | Reached XP level 5. HP: 38/41 MP: 4/4
  3573 | D:4      | Found a staircase to the Ecumenical Temple.
  3582 | Temple   | Entered the Ecumenical Temple
  3678 | D:4      | Reached skill level 7 in Long Blades
  4045 | D:4      | Reached XP level 6. HP: 35/51 MP: 5/5
  4332 | D:4      | Reached skill level 8 in Long Blades
  4764 | Temple   | Became a worshipper of Dithmenos the Shadowed
  4790 | D:5      | Entered Level 5 of the Dungeon
  4892 | D:5      | Reached skill level 1 in Dodging
  4897 | D:5      | Reached XP level 7. HP: 56/59 MP: 6/6
  5032 | D:5      | Noticed Eustachio
  5066 | D:5      | Killed Eustachio
  5912 | D:6      | Found an ancient bone altar of Kikubaaqudgha.
  5914 | D:6      | Found a stormy altar of Qazlal.
  5914 | D:6      | Found a glowing golden altar of the Shining One.
  5934 | D:5      | Reached skill level 1 in Throwing
  5945 | D:5      | Reached skill level 5 in Fighting
  5945 | D:5      | Reached skill level 9 in Long Blades
  5945 | D:5      | Reached skill level 5 in Armour
  5945 | D:5      | Reached skill level 5 in Shields
  5945 | D:5      | Reached XP level 8. HP: 46/68 MP: 7/7
  5946 | D:5      | Reached * piety under Dithmenos
  6480 | D:6      | Reached skill level 1 in Stealth
  6751 | D:6      | Found a shimmering altar of Xom.
  6813 | D:6      | Found a hazy altar of Hepliaklqana.
  6814 | D:6      | Found an opulent altar of Gozag.
  6814 | D:6      | Found an iron altar of Okawaru.
  6814 | D:6      | Found a burning altar of Makhleb.
  6817 | D:6      | Found a white marble altar of Elyvilon.
  6848 | D:7      | Noticed Menkaure
  6851 | D:7      | Noticed a cyclops
  6856 | D:7      | Mangled by Menkaure

Illustrated notes

Levels and vault maps discovered:
D:1:      dpeg_arrival_simpleton_b, layout_loops_cross, serial_shops,
          nicolae_shop_crystal, nicolae_shop_behind_doors
D:2:      layout_loops_cross, chequers_ecumenical_altar_simple_redux,
          serial_co_window_serial, co_window_paths_b, co_window_corner_a,
          co_window_paths_a, co_window_paths_b, co_window_paths_a,
          co_window_paths_c, co_window_corner_cb, co_window_broadway_b,
          co_window_unsneaky_path_b, co_window_of_opportunity_c,
          co_window_broadway_b, co_window_paths_d, glass_columns_a,
          glass_columns_a, glass_columns_c, glass_columns_a, glass_columns_a,
          chequers_serial_rivers_marsh, corexii_corridor_pit
D:3:      layout_basic, minivault_5, grunt_ministairs_5
D:4:      layout_basic, minmay_temple_entry_overgrown, serial_glass,
          glass_columns_b, glass_columns_b, glass_columns_a, glass_columns_a
D:5:      layout_rooms, uniq_eustachio
D:6:      layout_basic, mainiacjoe_overflow_chevrons, minitemple,
          gammafunk_temple_overflow_forgotten
D:7:      layout_cave_pools, mainiacjoe_overflow_alcove_1, kennysheep_donut,
          kennysheep_nub, uniq_menkaure
Temple:   jpeg_temple_clearing

Skill      XL: |  1  2  3  4  5  6  7  8 |
---------------+-------------------------+-----
Long Blades    | 3 4 5 6 7 8 9 |  9.2
Dodging        | 1 2 3 |  3.4
Shields        | 4 5 |  5.4
Fighting       | 4 5 |  5.3
Armour         | 4 5 |  5.4
Throwing       | 1 2 |  2.0
Stealth        | 1 |  1.1
Staves         | |  0.8

Action                   |  1- 3 |  4- 6 |  7- 9 || total
-------------------------+-------+-------+-------++-------
Melee: Long sword        |    65 |   145 |   100 ||   310
       Headbutt          |     5 |    38 |    25 ||    68
  Use: Scroll            |     2 |     4 |     2 ||     8
Armor: Scale mail        |    22 |    44 |    33 ||    99
Dodge: Dodged            |    16 |    40 |    29 ||    85
Block: Kite shield       |    25 |    67 |    41 ||   133
       Rpst.: Long sword |     9 |    10 |     9 ||    28
